AoeStats
← JazzSalmon

QS Arena

503594642Analyzed
4v4 RM · 1mo ago on Sep 1, 2026· 38m 28s· 8 players
Game mode
Random Map
Map size
Large (8 player)
Population
200
Speed
Normal
Resources
Standard
Victory
Conquest
Starting age
Dark Age
Ending age
Imperial Age
RankedLock teamsTeams togetherTeam positionsShared explorationLock speedFull tech treeHidden civsTurbo modeCheats
Victory
Defeat
🇨🇳 Wei · China
949
+13
🇮🇳 Romans · India
873
+17
🇨🇳 Persians · China
832
+19
🇮🇳 Khmer · India
814
+19
🇨🇳 Byzantines · China
946
-30
🇨🇳 Burgundians · China
925
-19
🇫🇷 Lithuanians · France
878
-17
🇬🇧 Bulgarians · United Kingdom
813
-19
Maverick12
8:59 Feudal Age
13:58 Castle Age
12:02 Double-Bit Axe
11:59 Horse Collar
12:30 Man-at-Arms
15:02 Bow Saw
17:08 Long Swordsman
19:50 Scale Mail Armor
21:21 Wheelbarrow
24:20 Chain Mail Armor
24:16 Forging
30:10 Hand Cart
29:35 Pikeman
31:17 Loom
DSLG | Asura
9:01 Feudal Age
9:36 Double-Bit Axe
10:40 Horse Collar
13:20 Stone Mining
13:52 Gold Mining
18:49 Castle Age
20:07 Caravan
22:17 Bow Saw
22:13 Heavy Plow
25:19 Gold Shaft Mining
25:21 Stone Shaft Mining
28:57 Imperial Age
29:08 Heavy Scorpion
30:59 Crop Rotation
32:56 Fletching
36:25 Chemistry
37:25 Bodkin Arrow
37:52 Ballistics
38:42 Bracer
38:50 Double Crossbow
Vtinglove
10:38 Feudal Age
10:44 Loom
14:27 Castle Age
12:44 Horse Collar
13:16 Double-Bit Axe
13:49 Stone Mining
15:15 Heavy Plow
16:07 Bow Saw
22:59 Gold Mining
25:59 Stone Shaft Mining
25:51 Tuntian
26:00 Scale Barding Armor
26:45 Gold Shaft Mining
27:17 Wheelbarrow
26:27 Town Watch
27:25 Chain Barding Armor
30:50 Imperial Age
29:09 Hand Cart
29:08 Forging
29:23 Bloodlines
29:13 Husbandry
29:20 Husbandry
30:32 Iron Casting
31:02 Elite Tiger Cavalry
32:07 Conscription
32:37 Ming Guang Armor
33:27 Blast Furnace
33:21 Hoardings
34:16 Chemistry
33:37 Ballistics
36:41 Crop Rotation
Pay It Forward
1:31 Loom
7:43 Feudal Age
12:31 Castle Age
11:02 Double-Bit Axe
12:02 Horse Collar
18:55 Wheelbarrow
28:11 Hand Cart
28:14 Town Watch
28:04 Crossbowman
29:21 Heavy Plow
29:34 Bow Saw
32:53 Imperial Age
30:15 Gold Mining
30:18 Stone Mining
31:05 Ballistics
30:56 Thumb Ring
31:34 Fletching
31:45 Padded Archer Armor
31:50 Scale Barding Armor
31:56 Forging
32:00 Masonry
32:18 Bodkin Arrow
32:24 Murder Holes
33:34 Gold Shaft Mining
33:34 Stone Shaft Mining
33:02 Kamandaran
33:33 Leather Archer Armor
34:20 Two-Man Saw
33:52 Crop Rotation
35:21 Chemistry
34:46 Conscription
35:13 Ring Archer Armor
34:26 Capped Ram
35:37 Chain Barding Armor
36:02 Guilds
35:53 Caravan
36:16 Siege Ram
37:58 Plate Barding Armor
37:59 Iron Casting
37:58 Architecture
37:49 Elite War Elephant
39:27 Hoardings
39:04 Citadels
JazzSalmon
2:44 Loom
8:56 Feudal Age
12:49 Castle Age
11:12 Horse Collar
11:30 Double-Bit Axe
18:21 Scale Barding Armor
23:00 Scale Mail Armor
24:48 Chain Barding Armor
24:38 Forging
25:43 Bloodlines
27:00 Wheelbarrow
27:39 Iron Casting
IsidoreDucasse
7:38 Feudal Age
9:10 Wheelbarrow
8:21 Loom
12:56 Castle Age
11:07 Horse Collar
11:21 Double-Bit Axe
12:03 Gold Mining
12:52 Stone Mining
14:01 Bow Saw
15:40 Heavy Plow
18:24 Stone Shaft Mining
20:05 Hand Cart
21:57 Bloodlines
22:26 Redemption
25:01 Forging
24:57 Scale Barding Armor
25:44 Husbandry
25:05 Light Cavalry
25:42 Fletching
25:52 Padded Archer Armor
29:16 Iron Casting
29:01 Chain Barding Armor
32:48 Imperial Age
31:08 Chain Barding Armor
30:43 Bodkin Arrow
30:48 Padded Archer Armor
30:49 Scale Mail Armor
33:04 Leather Archer Armor
33:06 Chain Mail Armor
最好的坤坤
8:46 Feudal Age
12:53 Castle Age
11:38 Double-Bit Axe
11:36 Horse Collar
14:28 Heavy Plow
22:10 Wheelbarrow
21:48 Bow Saw
22:40 Gold Mining
22:55 Stone Mining
26:25 Imperial Age
26:18 Gold Shaft Mining
26:18 Stone Shaft Mining
27:10 Forging
27:05 Scale Barding Armor
28:36 Hand Cart
28:57 Crop Rotation
29:14 Elite Cataphract
32:09 Conscription
32:03 Logistica
33:03 Guilds
32:54 Caravan
33:20 Loom
35:40 Iron Casting
35:26 Chain Barding Armor
37:36 Husbandry
37:00 Heavy Camel Rider
林
4:36 Double-Bit Axe
9:24 Feudal Age
13:26 Castle Age
12:54 Bow Saw
25:04 Wheelbarrow
24:15 Horse Collar
25:57 Burgundian Vineyards
26:03 Heavy Plow
27:22 Crop Rotation
27:24 Hand Cart
30:16 Imperial Age
27:51 Loom
29:25 Two-Man Saw
29:18 Forging
29:13 Scale Barding Armor
30:27 Gold Mining
30:27 Stone Mining
30:41 Elite Coustillier
35:57 Stone Shaft Mining
35:57 Gold Shaft Mining
35:31 Caravan
36:01 Coinage
36:09 Iron Casting
35:54 Chain Barding Armor
Connection lost

Rejoining the realm…

Still unreachable

The connection could not be restored.

Session expired

The server has moved on; the page needs a fresh start.